[Event "Early-Titled-Tuesday-Blitz-January-23-2024"]
[Site "Chess.com"]
[Date "2024.01.23"]
[Round "1"]
[White "jefferyx"]
[Black "masterofpuppets2"]
[Result "1-0"]
[WhiteElo "3013"]
[BlackElo "2520"]
[TimeControl "180+1"]
[EndTime "8:08:14 PST"]
[Termination "jefferyx won by resignation"]

1. e4 c5 2. Nf3 Nc6 3. Bb5 e6 4. O-O Nge7 5. d4 cxd4 6. Nxd4 Ng6 7. Be3 Be7 8. Be2 O-O 9. c4 a6 10. Nc3 Qc7 11. Qd2 b6 12. Rac1 Nxd4 13. Bxd4 Bb7 14. Rfd1 Rfd8 15. a3 Rab8 16. b4 Ne5 17. Qe3 Bc6 18.
Qg3 d6 19. Nd5 Qa7 20. Nxb6 Rxb6 21. c5 dxc5 22. Bxe5 f6 23. Rxd8+ Bxd8 24. Bd6 cxb4 25.
axb4 Qd7 26. e5 Bd5 27. Bc5 Rc6 28. b5 axb5 29. Bxb5 Bc7 30. Bxc6 Qxc6 31. Be3 Qd7 32. Bf4 Bd8 33. exf6 Bxf6 34. Be5 Qe7 35. Rc7 Qf8 36. Bxf6 Qxf6 37. Rc8+ Kf7 38. h3 h6 39. Qd6 Kg6 40. Rf8 Qg5 41. Qg3 Qxg3 42. fxg3 h5 43. Kf2 Kg5 44. Rf4 Kg6 45. Rd4 Kg5 46. g4 hxg4 47. Rxg4+ Kf6 48. Ke3 g6 49. h4 Kf5 50. Rg5+ Kf6 51. g3 Bc6 52. Kf4 Bd5 53. Re5 Bc6 54.
g4 Bd5 55. g5+ Kf7 56. Re3 Bc6 57. Ke5 Bd5 58. Rc3 Ke7 59. Rc7+ Kd8 60. Rg7 Be4 61.
Kxe4 Ke8 62. Ke5 Kf8 63. Kf6 e5 64. Re7 e4 65. Rxe4 1-0

[Event "Early-Titled-Tuesday-Blitz-January-23-2024"]
[Site "Chess.com"]
[Date "2024.01.23"]
[Round "1"]
[White "Happy1712Drummer"]
[Black "bubeliang"]
[Result "0-1"]
[WhiteElo "2437"]
[BlackElo "2787"]
[TimeControl "180+1"]
[EndTime "8:08:15 PST"]
[Termination "bubeliang won on time"]

1. e4 b6 2. d4 Bb7 3. Bd3 e6 4. Qe2 g6 5. Nf3 Bg7 6. c4 Ne7 7.
d5 O-O 8. O-O Re8 9. Qc2 Na6 10. Bd2 Nc5 11. Bc3 f6 12. b4 Nxd3 13. Qxd3 e5 14. Nbd2 d6 15. Nb3 h6 16. c5 a5 17. cxd6 cxd6 18. bxa5 Ba6 19. Qd2 Bxf1 20. Rxf1 bxa5 21. Bxa5 Qd7 22. Rc1 Rec8 23. Rxc8+ Rxc8 24. Bb4 Rc4 25. Qe1 Nc8 26. a3 Qc7 27. Nfd2 Rc2 28. h3 Nb6 29. Qe3 Nc4 30. Nxc4 Qxc4 31. Na5 Rc1+ 32. Kh2 Qf1 33. Bxd6 Qh1+ 34. Kg3 Rg1 35.
Qf3 h5 36. Nc6 h4+ 37. Kxh4 Rxg2 38. Ne7+ Kh7 39. a4 Bh6 40. Qxf6 Bg5+ 41. Qxg5 Rxg5 42. Kxg5 Qxe4 43. Kf6 Qxa4 44. Kxe5 Qa1+ 45. Ke6 Qe1+ 46. Be5 Qf1 47. d6 Qxh3+ 48. Kf7 Qd7 49. f4 Kh6 50. Kf6 Qe8 51. Ke6 Qd8 52. d7 g5 53. Nc6 Qb6 0-1

[Event "Early-Titled-Tuesday-Blitz-January-23-2024"]
[Site "Chess.com"]
[Date "2024.01.23"]
[Round "1"]
[White "guillembaches"]
[Black "mishanick"]
[Result "0-1"]
[WhiteElo "2529"]
[BlackElo "3068"]
[TimeControl "180+1"]
[EndTime "8:08:17 PST"]
[Termination "mishanick won on time"]

1. d4 Nf6 2. Nf3 d5 3. Bg5 c5 4. e3 e6 5. c3 Be7 6. Nbd2 Nc6 7. Bd3 O-O 8. O-O h6 9. Bh4 b6 10. Ne5 Nxe5 11. dxe5 Nd7 12. Bxe7 Qxe7 13. f4 f6 14. exf6 Nxf6 15. Nf3 Ng4 16. Qd2 e5 17. Bc2 Bb7 18. h3 e4 19. hxg4 exf3 20. gxf3 Rae8 21. Rae1 Qh4 22. Qh2 Qf6 23. Qd2 Re7 24. Qd3 Rfe8 25. Kg2 Kf7 26. Rf2 g6 27. Rfe2 Kg7 28. f5 g5 29. Qd2 Qe5 30. e4 a5 31. b3 a4 32. Bd3 d4 33. c4 axb3 34. axb3 Ra8 35. Rh1 Ree8 36. Qe1 Ra3 37. Bc2 Ra2 38. Qg1 Rd8 39. Bd3 Rxe2+ 40. Bxe2 d3 41. Bd1 d2 42. Qh2 Qxh2+ 43. Rxh2 Ra8 44. Kf2 Ra1 45. Ke2 Ba6 46.
Kxd2 b5 47. Rf2 bxc4 48. bxc4 Bxc4 49. Bc2 Ra3 50. e5 Bd5 51. f6+ Kf7 52. Be4 Be6 53.
Bf5 Bxf5 54. gxf5 Ra2+ 55. Ke3 Rxf2 56. Kxf2 h5 0-1

[Event "Early-Titled-Tuesday-Blitz-January-23-2024"]
[Site "Chess.com"]
[Date "2024.01.23"]
[Round "1"]
[White "FoxOnTheRun97"]
[Black "simonachess"]
[Result "0-1"]
[WhiteElo "2625"]
[BlackElo "2342"]
[TimeControl "180+1"]
[EndTime "8:08:17 PST"]
[Termination "simonachess won by checkmate"]

1. d4 Nf6 2. Bg5 Ne4 3. h4 c5 4.
d5 d6 5. Nd2 Nxd2 6. Qxd2 h6 7.
Bf4 Bf5 8. f3 Nd7 9. e4 Bh7 10. a4 a6 11. Bc4 Ne5 12. b3 Qc7 13. Ne2 O-O-O 14. Rb1 Kb8 15. Bxe5 dxe5 16. b4 cxb4 17.
Qxb4 e6 18. Qb3 exd5 19. Bxd5 Rxd5 20. Qxd5 Bc5 21. g3 f5 22. Rd1 fxe4 23. fxe4 Rf8 24.
Rf1 Bb4+ 25. Rd2 Bxd2+ 26. Qxd2 Rxf1+ 27. Kxf1 Bxe4 28. c3 Bf3 29. Ng1 Bc6 30. Ne2 Qf7+ 31. Ke1 Qd5 32. Qe3 Bxa4 33. Qb6 Bc6 34. h5 e4 35. Kf2 Qxh5 36. Qd8+ Ka7 37. Qd4+ Kb8 38.
Qd8+ Ka7 39. Qd4+ Kb8 40. Qxg7 Qf3+ 41. Ke1 h5 42. Qh8+ Ka7 43. Qd4+ Kb8 44. Qd6+ Ka7 45. Nd4 Qxc3+ 46. Kf1 Qc4+ 47. Kg1 e3 48. Nxc6+ Qxc6 49. Qd4+ Qb6 50. Qe5 e2+ 51. Kh2 Qf2+ 52. Kh3 e1=Q 53. Qg5 Qxg3+ 54. Qxg3 Qxg3+ 55. Kxg3 a5 56. Kh4 a4 57. Kxh5 a3 58. Kg5 a2 59. Kf6 a1=Q+ 60. Ke7 Qd1 61. Kf6 b5 62. Ke5 b4 63. Kf4 b3 64. Ke3 b2 65. Kf2 b1=Q 66. Kg3 Qg6+ 67. Kh2 Qdh5# 0-1

[Event "Early-Titled-Tuesday-Blitz-January-23-2024"]
[Site "Chess.com"]
[Date "2024.01.23"]
[Round "1"]
[White "hakanazeri2"]
[Black "Knightmare1014"]
[Result "1-0"]
[WhiteElo "2579"]
[BlackElo "2177"]
[TimeControl "180+1"]
[EndTime "8:08:17 PST"]
[Termination "hakanazeri2 won on time"]

1. Nf3 d5 2. c4 e6 3. cxd5 exd5 4. d4 Nf6 5. Nc3 c6 6. Bg5 Be7 7.
e3 h6 8. Bh4 Bf5 9. Bd3 Bxd3 10. Qxd3 Nbd7 11. O-O O-O 12. Rab1 Rc8 13. b4 b5 14. a4 a6 15. a5 Ne8 16. Bxe7 Qxe7 17. e4 Ndf6 18. e5 Nd7 19. g3 f6 20. Nh4 fxe5 21.
Ng6 Qf7 22. dxe5 Nc7 23. Nxf8 Rxf8 24. f4 Ne6 25. Ne2 Nd8 26. Nd4 c5 27. bxc5 Nxc5 28.
Qc2 Nde6 29. Nxe6 Nxe6 30. Rbd1 d4 31. Qa2 Kh8 32. f5 Qa7 33. fxe6 d3+ 34. Kg2 Qb7+ 35.
Kh3 Re8 36. Qg2 Qe7 37. Qd5 Qg5 38. Rxd3 Qh5+ 39. Kg2 Rc8 40. Rf2 Qg5 41. Qd7 Rg8 42.
e7 Qxe5 43. Rdf3 Qe4 44. Kh3 Qe5 45. Rf8 Qh5+ 46. Kg2 b4 47. Rxg8+ 1-0

[Event "Early-Titled-Tuesday-Blitz-January-23-2024"]
[Site "Chess.com"]
[Date "2024.01.23"]
[Round "1"]
[White "Maxfan2008"]
[Black "wonderfultime"]
[Result "0-1"]
[WhiteElo "2523"]
[BlackElo "3031"]
[TimeControl "180+1"]
[EndTime "8:08:18 PST"]
[Termination "wonderfultime won by checkmate"]

1. d4 d5 2. c4 c6 3. Nc3 Nf6 4. e3 a6 5. Nf3 Bf5 6. Be2 e6 7. O-O Nbd7 8. b3 Bd6 9. Bb2 O-O 10. h3 Ne4 11. Nxe4 Bxe4 12. Rc1 h6 13. Bd3 f5 14.
Ne1 Qh4 15. f4 Nf6 16. Nf3 Bxf3 17. Qxf3 Rae8 18. a4 Rf7 19. Bc3 Nd7 20. b4 dxc4 21.
Bxc4 Nb6 22. Bb3 Nd5 23. b5 axb5 24. axb5 Qe7 25. Bd2 Qd7 26. bxc6 bxc6 27. Ba4 Rc8 28. Rc4 Qe8 29. Rfc1 Rfc7 30. Ba5 Ra7 31. Bxc6 Rxc6 32.
Rxc6 Qd7 33. Bd2 Kh7 34. e4 Ne7 35. R6c4 Ra3 36. R1c3 Ra2 37. Rc2 Ra3 38. R4c3 Ra4 39. d5 fxe4 40. Qg4 Nxd5 41. Rc8 e3 42. Be1 Rxf4 43.
Qh5 Qa7 44. Re2 Qa6 45. Bg3 Qxc8 46. Bxf4 Nxf4 47. Qf3 Nxe2+ 48. Qxe2 Qc1+ 49. Qf1 Qxf1+ 50. Kxf1 Kg6 51. Ke2 Bc5 52. Kf3 Kf5 53. g4+ Ke5 54. h4 Kd4 55. Ke2 Ke4 56. g5 hxg5 57. hxg5 g6 58. Ke1 Kf3 59. Kf1 e2+ 60. Ke1 Bb4# 0-1

[Event "Early-Titled-Tuesday-Blitz-January-23-2024"]
[Site "Chess.com"]
[Date "2024.01.23"]
[Round "1"]
[White "rionelG"]
[Black "eagleclaw07"]
[Result "0-1"]
[WhiteElo "2321"]
[BlackElo "2641"]
[TimeControl "180+1"]
[EndTime "8:08:18 PST"]
[Termination "eagleclaw07 won on time"]

1. e4 e5 2. Nf3 Nc6 3. Bb5 Nf6 4. O-O Nxe4 5. d4 Nd6 6. dxe5 Nxb5 7. a4 Nbd4 8. Nxd4 Nxd4 9. Qxd4 d6 10. exd6 Qxd6 11. Qe4+ Qe6 12. Qd4 Qd6 13. Qe4+ Be7 14. Bf4 Qe6 15.
Qxe6 Bxe6 16. Bxc7 Rc8 17. Be5 Rxc2 18. Na3 Re2 19. Bxg7 Rg8 20. Bd4 Bh3 21. Rfe1 Rxe1+ 22. Rxe1 Bxg2 23. Re3 Kd7 24. Rg3 Rxg3 25. hxg3 Bc6 26. Bxa7 Bxa4 27. Bd4 b5 28. f3 b4 29. Nc4 Kc6 30.
Bh8 f6 31. Kf2 Bb5 32. Ne3 b3 33. Ng4 f5 34. Nh6 Bc5+ 35. Kg2 Bd3 36. g4 f4 37.
Nf7 Kd5 38. Ng5 Be7 39. Nh3 Bd6 40. Nf2 Bc2 41. Bc3 Be5 42. Bxe5 Kxe5 43. Kf1 Kd4 44.
Ke2 Bg6 45. Nh3 Ke5 46. Nf2 Kd4 47. Nh3 Ke5 48. Nf2 h5 49. gxh5 Bxh5 50. Nd3+ Kf5 51.
Nc1 Bf7 52. Nd3 Bc4 53. Kd2 Kg5 54. Ne5 Bd5 55. Kc3 Kf5 56. Kd4 Bb7 0-1

[Event "Early-Titled-Tuesday-Blitz-January-23-2024"]
[Site "Chess.com"]
[Date "2024.01.23"]
[Round "1"]
[White "dhammiko"]
[Black "Squirlolz"]
[Result "0-1"]
[WhiteElo "2163"]
[BlackElo "2571"]
[TimeControl "180+1"]
[EndTime "8:08:18 PST"]
[Termination "Squirlolz won by resignation"]

1. e4 d6 2. d4 Nf6 3. Nc3 c6 4. Nf3 Bg4 5. Be2 e6 6. O-O Be7 7. e5 Nd5 8. Ne4 dxe5 9. Nxe5 Bxe2 10. Qxe2 O-O 11. c4 Nf6 12. Rd1 Nbd7 13. Bf4 Nxe4 14. Qxe4 Nxe5 15. dxe5 Qb6 16. Qc2 Rfd8 17. a3 a5 18. Rac1 Bc5 19. Bg5 Rxd1+ 20. Rxd1 h6 21. Bh4 Bd4 22. b3 Bxe5 23. Rd7 g5 24. c5 Qb5 25.
Bg3 Bg7 26. Bc7 a4 27. b4 Re8 28. Bb6 Qa6 29. Qd1 e5 30. Qf3 Qc4 31. h3 e4 32. Qf5 e3 33. fxe3 Qc1+ 34. Kh2 Be5+ 35. g3 Qb2+ 36. Kg1 Qa1+ 37. Kg2 Qa2+ 38. Kf3 Bg7 39. Rxb7 Qc4 40. Kf2 Qb3 41. Rd7 Qxe3+ 42. Kg2 Qe2+ 43. Qf2 Qe4+ 44. Qf3 Qc2+ 45. Kg1 Re1+ 46.
Qf1 Rxf1+ 47. Kxf1 Qc1+ 48. Kf2 Qb2+ 49. Ke3 Qxa3+ 50. Rd3 Qxb4 51. Rd8+ Kh7 52. Rd3 a3 53. Bc7 a2 0-1

[Event "Early-Titled-Tuesday-Blitz-January-23-2024"]
[Site "Chess.com"]
[Date "2024.01.23"]
[Round "1"]
[White "Egorov_Pavel"]
[Black "Alen_Yeremyann"]
[Result "0-1"]
[WhiteElo "2440"]
[BlackElo "2810"]
[TimeControl "180+1"]
[EndTime "8:08:19 PST"]
[Termination "Alen_Yeremyann won by checkmate"]

1. d4 Nf6 2. c4 g6 3. Nc3 d5 4. Nf3 Bg7 5. Bg5 Ne4 6. cxd5 Nxg5 7. Nxg5 e6 8. Qd2 h6 9. Nf3 exd5 10. e3 c6 11. Bd3 a5 12. O-O O-O 13. Ne5 Nd7 14. f4 Qe7 15. Ne2 c5 16. Rac1 c4 17. Bb1 b5 18. Ng3 Nxe5 19. fxe5 Be6 20. Rf4 b4 21. Rcf1 Rac8 22. h4 c3 23. Qe2 Qc7 24. bxc3 Qxc3 25.
h5 g5 26. Rf6 a4 27. Nf5 Bxf5 28. R6xf5 b3 29. axb3 axb3 30. Qf3 Kh8 31. Rf6 Qd2 32. Qf5 Rc2 33. Bxc2 bxc2 34. Rc6 Qxe3+ 35. Qf2 Qe4 36. Rxc2 Qg4 37. Rc3 Qxh5 38. Rh3 Qg4 39. Qe3 Kg8 40. Rg3 Qe6 41. Rgf3 Qg6 42. Rg3 Qe6 43. Rgf3 Qe7 44. Qd3 Qe6 45. Qf5 Qb6 46. Qd3 Bxe5 47. Kh1 Qxd4 48.
Qxd4 Bxd4 49. Rd3 Bg7 50. Rxd5 Kh7 51. Rd7 Kg6 52. Rd6+ f6 53. Re1 h5 54. Re7 Bh6 55.
Kh2 g4 56. Re4 Bg5 57. Rc4 Re8 58. Rd3 Re1 59. Kg3 Rf1 60. Rcc3 Bf4+ 61. Kh4 Rh1+ 62.
Rh3 gxh3 63. gxh3 Rg1 64. Rf3 Bg5# 0-1

[Event "Early-Titled-Tuesday-Blitz-January-23-2024"]
[Site "Chess.com"]
[Date "2024.01.23"]
[Round "1"]
[White "ChessGiantYouTube"]
[Black "SCIM"]
[Result "0-1"]
[WhiteElo "2210"]
[BlackElo "2588"]
[TimeControl "180+1"]
[EndTime "8:08:19 PST"]
[Termination "SCIM won by resignation"]

1. g3 Nf6 2. Bg2 g6 3. d3 Bg7 4. e3 O-O 5. Ne2 d5 6. h3 Nc6 7.
Nd2 e5 8. b3 Be6 9. Bb2 Qd7 10.
a3 Rad8 11. b4 a6 12. Nb3 b6 13. Qd2 Rfe8 14. a4 d4 15. b5 axb5 16. axb5 Ne7 17. exd4 Bxb3 18. cxb3 exd4 19. O-O Qxb5 20. Nxd4 Qh5 21.
g4 Qc5 22. Rfc1 Qd6 23. Nb5 Qxd3 24. Qxd3 Rxd3 25. Nxc7 Red8 26. Re1 Rxb3 27. Rab1 Rd7 28. Bxf6 Rxb1 29. Rxb1 Bxf6 30. Nb5 Rd2 31. Na3 Bd4 32. Rf1 Bc5 33. Nc4 Rc2 34. Ne3 Bxe3 35. fxe3 Nc8 36. Rf2 Rxf2 37. Kxf2 Kf8 38. Bd5 Ke7 39. Kf3 f6 40.
Bb3 Nd6 41. h4 h6 42. h5 gxh5 43. gxh5 f5 44. Kf4 Kf6 45. Bc2 b5 46. Bb3 b4 47.
Bc2 Ke6 48. Bb3+ Kf6 49. Bc2 Nc4 50. Bb3 Nd2 51. Bc2 b3 52. Bxf5 b2 53. e4 Nc4 54.
e5+ Nxe5 55. Bb1 Nc4 56. Kg4 Na3 57. Bd3 b1=Q 58. Bxb1 Nxb1 59. Kh4 Nc3 60. Kg4 Nd5 61. Kh4 Ne7 62. Kg4 Nf5 63. Kh3 Kg5 64. Kg2 Kxh5 65. Kh2 Kg5 66. Kg2 h5 67. Kh1 h4 68. Kg2 Kg4 69.
Kh1 Ne3 70. Kg1 h3 71. Kh1 Kg3 72. Kg1 Ng4 73. Kh1 Nf2+ 74. Kg1 h2+ 0-1

[Event "Early-Titled-Tuesday-Blitz-January-23-2024"]
[Site "Chess.com"]
[Date "2024.01.23"]
[Round "1"]
[White "snowlord"]
[Black "Shuvalov"]
[Result "1-0"]
[WhiteElo "2866"]
[BlackElo "2480"]
[TimeControl "180+1"]
[EndTime "8:08:20 PST"]
[Termination "snowlord won by resignation"]

1. c4 Nf6 2. Nc3 d5 3. cxd5 Nxd5 4. g3 c5 5. Bg2 Nc7 6. d3 e5 7. Be3 Be7 8. Rc1 Nd7 9. Qb3 O-O 10. Nf3 Rb8 11. Qa4 a6 12. O-O b5 13. Qc2 Bb7 14. a4 Kh8 15. axb5 axb5 16. Qb3 Bc6 17. h4 f6 18. Nd2 Bxg2 19. Kxg2 Nb6 20. Qc2 Nbd5 21. Nf3 Ne6 22. Kg1 Nxe3 23. fxe3 c4 24. Rcd1 Bc5 25. dxc4 Bxe3+ 26. Kg2 Nd4 27. Qe4 Bh6 28. e3 b4 29. Nb5 f5 30. Qxe5 Nxf3 31. Kxf3 Qb6 32.
Kg2 Rbe8 33. Rxf5 Rg8 34. Qd4 Qb7+ 35. Qd5 Qb6 36. Nd6 Rgf8 37. Nf7+ Rxf7 38. Qxf7 Rg8 39. c5 Qc6+ 40. Kh2 g6 41. Qf6+ Qxf6 42. Rxf6 Bg7 43.
Rb6 Bxb2 44. Rxb4 Bc3 45. Rc4 Be5 46. c6 Bc7 47. Rd7 Rc8 48. Kg2 Kg8 49. Re4 Kf8 50.
Ree7 Ba5 51. Rf7+ Ke8 52. Rg7 Kf8 53. Rxh7 Kg8 54. c7 Bxc7 55. Rxc7 Re8 56. Rhg7+ Kh8 57. Rh7+ Kg8 58. Rcg7+ Kf8 59. Rh8+ Kxg7 60. Rxe8 g5 61. hxg5 Kg6 62. Ra8 Kxg5 63. Ra4 Kf5 64. Kf3 1-0

[Event "Early-Titled-Tuesday-Blitz-January-23-2024"]
[Site "Chess.com"]
[Date "2024.01.23"]
[Round "1"]
[White "vladgoncharov"]
[Black "Heinza9"]
[Result "1-0"]
[WhiteElo "2636"]
[BlackElo "2315"]
[TimeControl "180+1"]
[EndTime "8:08:20 PST"]
[Termination "vladgoncharov won on time"]

1. d4 f5 2. c4 Nf6 3. Nf3 g6 4.
g3 Bg7 5. Bg2 O-O 6. O-O d6 7. Nc3 Qe8 8. d5 a5 9. Re1 Na6 10. e4 fxe4 11. Nxe4 Nxe4 12. Rxe4 Nc5 13. Re1 Bg4 14. h3 Bd7 15. Qe2 e5 16. Be3 b6 17.
Bxc5 bxc5 18. Ng5 Rb8 19. Ne4 a4 20. Rad1 Qf7 21. g4 h5 22. Rd3 hxg4 23. hxg4 Qf4 24. Bf3 Rb4 25. b3 axb3 26. axb3 Ra8 27. Kg2 Ra3 28. Rb1 Rb8 29. Ng3 Bh6 30. Qe4 Qxe4 31. Nxe4 Kg7 32. g5 Bxg5 33. Nxg5 Bf5 34. Be4 Kf6 35.
Bxf5 gxf5 36. Ne6 e4 37. Rh3 Rg8+ 38. Kf1 Ra2 39. Nxc7 Ke5 40. Ne6 Rg6 41. Re1 Rb2 42. f3 Rgg2 43. f4+ Kf6 44. Rh6+ Ke7 45. Ra1 Rbf2+ 46. Ke1 Rg1+ 47. Kxf2 Rxa1 48. Rh7+ Kf6 49. Rh6+ Ke7 50. Ng7 Ra2+ 51. Ke3 Rb2 52. Nxf5+ Kf7 53. Nxd6+ Kg7 54. Rh5 Rxb3+ 55. Kxe4 Rc3 56. Ke5 Re3+ 57. Kf5 Rc3 58. Ke6 Re3+ 59. Kd7 Rf3 60. f5 Kf6 61.
Rh6+ 1-0

[Event "Early-Titled-Tuesday-Blitz-January-23-2024"]
[Site "Chess.com"]
[Date "2024.01.23"]
[Round "1"]
[White "Freeeeeeeeeeeeeeeeee"]
[Black "TheNextLevelFan"]
[Result "1/2-1/2"]
[WhiteElo "2108"]
[BlackElo "2552"]
[TimeControl "180+1"]
[EndTime "8:08:21 PST"]
[Termination "Game drawn by repetition"]

1. e4 c6 2. Nc3 d5 3. Nf3 Bg4 4. h3 Bxf3 5. Qxf3 e6 6. g3 Nf6 7. Bg2 Nbd7 8. O-O Be7 9. d3 O-O 10. Qe2 Qc7 11. Bf4 e5 12. Bd2 dxe4 13. Nxe4 Nd5 14.
c4 N5b6 15. Ba5 Qc8 16. Nd2 Re8 17. b4 Nf8 18. Rab1 Nbd7 19. b5 c5 20. Qe4 Rb8 21. Bc3 Bd6 22. Rfe1 Ne6 23. Nf3 Nd4 24. Bxd4 cxd4 25.
Qh4 Be7 26. Qh5 g6 27. Qh6 Bf8 28. Qd2 Qc7 29. Ng5 Bh6 30. Bd5 Re7 31. h4 Nf6 32. Bg2 Rbe8 33. Qb4 Nd7 34. Ne4 Re6 35. c5 Bf8 36.
Rbc1 h6 37. Qa4 Nxc5 38. Nxc5 Bxc5 39. Bxb7 Qxb7 40. Rxc5 a6 41. bxa6 Qxa6 42. Qxa6 Rxa6 43. Rcxe5 Rxe5 44. Rxe5 Rxa2 45. Rd5 Rb2 46. Rxd4 Kg7 47.
Kg2 h5 48. Kf3 Kf6 49. Re4 Kf5 50. Re3 f6 51. d4 g5 52. Rd3 g4+ 53. Kg2 Ke6 54.
d5+ Kd6 55. Kf1 f5 56. Rd4 Rc2 57. Rf4 Ke5 58. d6 Rd2 59. d7 Rxd7 60. Kg2 Rd2 61.
Ra4 Re2 62. Ra5+ Kf6 63. Ra6+ Kg7 64. Ra7+ Kg6 65. Ra6+ Kf7 66. Ra7+ Kf6 67. Ra6+ Ke5 68. Ra5+ Ke4 69. Ra4+ Ke5 70. Ra5+ 1/2-1/2

[Event "Early-Titled-Tuesday-Blitz-January-23-2024"]
[Site "Chess.com"]
[Date "2024.01.23"]
[Round "1"]
[White "PepeCuenca"]
[Black "medalja"]
[Result "1-0"]
[WhiteElo "2718"]
[BlackElo "2399"]
[TimeControl "180+1"]
[EndTime "8:08:22 PST"]
[Termination "PepeCuenca won on time"]

1. d4 d5 2. Bf4 c6 3. e3 Nf6 4. Nf3 Bg4 5. Nbd2 e6 6. h3 Bh5 7.
c4 Bd6 8. Bxd6 Qxd6 9. Qb3 Qc7 10. Ne5 Nbd7 11. f4 Bg6 12. Rc1 Nxe5 13. fxe5 Ne4 14. cxd5 Qa5 15. Rd1 exd5 16. Qxb7 O-O 17. Qa6 Qb4 18.
Qa3 Qxa3 19. bxa3 Nc3 20. Rc1 Nxa2 21. Rxc6 Rac8 22. Rc5 Rxc5 23. dxc5 Rc8 24. Nb3 a5 25. Ba6 Rc7 26. a4 Nc3 27. Bb5 h5 28. Kf2 Ne4+ 29. Kf3 Nxc5 30. Rc1 Ne6 31. Rxc7 Nxc7 32. Nxa5 Be4+ 33.
Kf2 f6 34. exf6 gxf6 35. Nc6 Kf7 36. Nd4 Ke7 37. a5 Nxb5 38. Nxb5 Kd7 39. a6 Kc6 40. a7 Kb7 41. Nd6+ Kxa7 42. Nxe4 dxe4 43. Kg3 Kb6 44. Kf4 Kc5 45. Kxe4 Kd6 46. Kf5 Ke7 47. Kg6 Ke6 48. Kxh5 Ke5 49. Kg6 f5 50. Kg5 Ke4 51.
h4 Kxe3 52. Kxf5 Kf2 53. h5 1-0

[Event "Early-Titled-Tuesday-Blitz-January-23-2024"]
[Site "Chess.com"]
[Date "2024.01.23"]
[Round "1"]
[White "GroovyKettle"]
[Black "SandwichOSaumon"]
[Result "1-0"]
[WhiteElo "2976"]
[BlackElo "2515"]
[TimeControl "180+1"]
[EndTime "8:08:23 PST"]
[Termination "GroovyKettle won by resignation"]

1. Nf3 c5 2. e4 e6 3. b3 Nc6 4. Bb2 d5 5. Bb5 Ne7 6. O-O a6 7. Bxc6+ Nxc6 8. exd5 Qxd5 9. Nc3 Qh5 10. Ne4 Bd7 11.
Re1 O-O-O 12. Qe2 f5 13. Ng3 Qg6 14. Rad1 h5 15. Qe3 h4 16. Ne2 h3 17. Nf4 Qg4 18.
g3 Bd6 19. Ne5 Nxe5 20. Bxe5 Bxe5 21. Qxe5 Rhe8 22. Qe2 Qg5 23. Qe3 Qg4 24. f3 Qg5 25. Qxc5+ Kb8 26. Kf2 Qf6 27. Qe5+ Qxe5 28. Rxe5 g5 29. Nd3 Bb5 30. Nc5 Rd5 31. Rxd5 exd5 32. Re1 Rxe1 33. Kxe1 g4 34. Kf2 Kc7 35. Ne6+ Kd6 36.
Nd4 Bd7 37. Ke3 Ke5 38. a4 b6 39. f4+ Kd6 40. Ne2 Kc5 41. Nc1 d4+ 42. Ke2 Kd5 43. Nd3 Ke4 44. Ne5 Be8 45. d3+ Kd5 46. Kd2 b5 47. axb5 axb5 48. c3 dxc3+ 49. Kxc3 Kc5 50. d4+ Kd5 51. Kd3 b4 52. Ke3 Bb5 53. Nd3 Be8 54. Nxb4+ Kd6 55. Nd3 Bb5 56. Ne5 Kd5 57. Nf7 Ke6 58. Ne5 Kd5 59. Nd3 Be8 60. Nc1 Bb5 61. Na2 Ba6 62. Nc3+ Kd6 63. b4 Bc4 64. d5 Bf1 65.
Kd4 Ba6 66. b5 Bc8 67. Kc4 Bd7 68. b6 Bc8 69. Nb5+ Kd7 70. Kc5 Ba6 71. Nd4 Bf1 72. d6 1-0

[Event "Early-Titled-Tuesday-Blitz-January-23-2024"]
[Site "Chess.com"]
[Date "2024.01.23"]
[Round "1"]
[White "chucksterf10"]
[Black "Akylbek2021"]
[Result "0-1"]
[WhiteElo "2577"]
[BlackElo "2245"]
[TimeControl "180+1"]
[EndTime "8:08:26 PST"]
[Termination "Akylbek2021 won by resignation"]

1. Nf3 Nf6 2. g3 g6 3. b4 Bg7 4.
Bb2 O-O 5. c4 d5 6. cxd5 Qxd5 7.
Nc3 Qd6 8. a3 a5 9. bxa5 Nc6 10.
Bg2 Nxa5 11. d3 Nd5 12. Ne4 Qb6 13. Bxg7 Kxg7 14. O-O Bf5 15. Rb1 Qa6 16. Qa4 Nc6 17.
Qxa6 Rxa6 18. Nc5 Rxa3 19. e4 Nc3 20. exf5 Nxb1 21. Rxb1 b6 22. Nd7 Rd8 23. Rc1 Rxd7 24. Rxc6 Rdxd3 25. h4 Rxf3 26. Bxf3 Rxf3 27. fxg6 hxg6 28.
Rxc7 e5 29. Kf1 Rb3 30. Ke2 b5 31. Rb7 b4 32. Rb6 f5 33. Rb5 e4 34. Rb6 Kh6 35. Rb8 Rb2+ 36. Ke3 b3 37. f3 exf3 38. Kxf3 Rb1 39.
Rb7 b2 40. Kg2 Kh5 41. Rh7+ Kg4 42. Rb7 g5 43. Rb4+ f4 44. hxg5 Kxg5 45. gxf4+ Kf5 46. Kh2 Kg4 47. Kg2 Kf5 48. Kh2 Kg4 49. Rb8 Kxf4 50. Kg2 Ke3 51. Re8+ Kd2 52. Rd8+ Kc3 53. Rc8+ Kb4 54.
Rb8+ Kc5 55. Rc8+ Kb6 56. Rb8+ Kc6 57. Rb3 Kd5 58. Kh2 Kc4 59. Rb8 Kd3 60. Rd8+ Kc2 61. Rc8+ Kb3 62. Rb8+ Ka4 63. Kg2 Ka5 64. Kh2 Ka6 65.
Rb3 Ka7 66. Kg2 Ka6 67. Ra3+ Kb5 68. Rb3+ Kc4 69. Rb8 Kd5 70. Kh2 Ke6 71. Rb5 Kd6 72. Kg2 Kc6 73. Rb3 Kc5 74. Rb7 Kd4 75. Kh2 Ke3 76.
Kg2 Ke2 77. Re7+ Kd3 78. Rd7+ Kc2 79. Rc7+ Kd3 80. Rb7 Ke4 81. Rb3 Kf4 82. Kh2 Kg4 83.
Kg2 Kf5 84. Rb4 Ke5 85. Kh2 Kd6 86. Rb5 Kc6 87. Rb3 Kd7 88. Rb6 Kc8 89. Rxb2 Rxb2+ 0-1

[Event "Early-Titled-Tuesday-Blitz-January-23-2024"]
[Site "Chess.com"]
[Date "2024.01.23"]
[Round "1"]
[White "FARIZA2018"]
[Black "sergoy"]
[Result "0-1"]
[WhiteElo "2520"]
[BlackElo "3017"]
[TimeControl "180+1"]
[EndTime "8:08:28 PST"]
[Termination "sergoy won on time"]

1. e4 c5 2. Nf3 d6 3. d4 cxd4 4. Nxd4 Nf6 5. Nc3 a6 6. Bg5 Nbd7 7. Qe2 h6 8. Bh4 g6 9. O-O-O Qc7 10. f4 e5 11. fxe5 dxe5 12. Nf3 b5 13. g4 b4 14. Nd5 Nxd5 15. exd5 Bd6 16. Bg2 O-O 17. Nd2 a5 18. Ne4 a4 19. Kb1 Nc5 20. Nxd6 Qxd6 21. Rhe1 Re8 22.
Bg3 b3 23. Bxe5 bxc2+ 24. Kxc2 Qb6 25. d6 Ba6 26. Qe3 Rac8 27. Kb1 Rxe5 28. Qxe5 Nd3 29. Rxd3 Bxd3+ 30. Ka1 Rd8 31. d7 Bb5 32. Bd5 Rxd7 33.
g5 Qd6 34. Qxd6 Rxd6 35. Rd1 Kh7 36. gxh6 Kxh6 37. Bf3 Re6 38. Kb1 f5 39. Kc1 Re3 40.
Bd5 f4 41. Kc2 g5 42. b3 a3 43. Bc4 Be8 44. Rd6+ Kh5 45. Ra6 f3 46. Rxa3 f2 47.
Ra6 Rf3 48. Be2 g4 49. Bf1 Bg6+ 50. Kd2 Bd3 51. Ra5+ Kh4 0-1

[Event "Early-Titled-Tuesday-Blitz-January-23-2024"]
[Site "Chess.com"]
[Date "2024.01.23"]
[Round "1"]
[White "m_ezat"]
[Black "AvitalBor"]
[Result "0-1"]
[WhiteElo "2440"]
[BlackElo "2791"]
[TimeControl "180+1"]
[EndTime "8:08:30 PST"]
[Termination "AvitalBor won by checkmate"]

1. d4 Nf6 2. Nf3 g6 3. Nbd2 d5 4. e3 Bg7 5. b4 O-O 6. c4 a5 7. b5 c5 8. Bb2 cxd4 9. Bxd4 Nbd7 10. Be2 b6 11. O-O Bb7 12. Qb3 Re8 13. cxd5 Nxd5 14.
Bxg7 Kxg7 15. Nc4 Nc5 16. Qb2+ f6 17. Rad1 Qc7 18. Rc1 e5 19. Rfd1 Rac8 20. h3 Red8 21. Nfd2 Nb4 22. Qa1 Nbd3 23. Rc3 Ba8 24. Nb3 Nb4 25.
Nxc5 Qxc5 26. Rxd8 Rxd8 27. Nxa5 Qd5 28. Nc6 Nxc6 29.
bxc6 Bxc6 30. e4 Qd4 31. Qc1 Bxe4 32. Rc7+ Rd7 33. Rc8 Qd2 34. Qxd2 Rxd2 35. Bc4 Rc2 36. Rg8+ Kh6 37. Bb3 Rc1+ 38. Kh2 Rf1 39. Kg3 f5 40. f3 f4+ 41. Kh2 Bf5 42. Re8 Re1 43. Re7 Re2 44. Kg1 Bd3 45. Bg8 Kg5 46. Bxh7 Kf6 47. Rb7 b5 48. Bg8 e4 49. Rb6+ Kg7 50. Bd5 e3 51. Re6 Re1+ 52. Kh2 e2 53. Be4 Rc1 54.
Bxd3 e1=Q 55. Rxe1 Rxe1 56. Bxb5 Ra1 57. Bc4 Kf6 58. g3 Rc1 59. Bb3 Ke5 60. gxf4+ Kxf4 61. h4 Kxf3 62. Kh3 Rh1# 0-1

[Event "Early-Titled-Tuesday-Blitz-January-23-2024"]
[Site "Chess.com"]
[Date "2024.01.23"]
[Round "1"]
[White "patzersame"]
[Black "Witik"]
[Result "0-1"]
[WhiteElo "2361"]
[BlackElo "2675"]
[TimeControl "180+1"]
[EndTime "8:08:30 PST"]
[Termination "Witik won by checkmate"]

1. e4 e5 2. Nf3 Nc6 3. d4 exd4 4. c3 dxc3 5. Bc4 cxb2 6. Bxb2 Bb4+ 7. Nc3 Nf6 8. O-O O-O 9. Nd5 Be7 10. Nxe7+ Qxe7 11. e5 Ne8 12. Re1 d6 13. Qa4 Be6 14. exd6 Nxd6 15.
Bd3 Rfe8 16. Qf4 f6 17. Re2 Qd7 18. Rae1 Bf7 19. Qh4 Bg6 20. Bxg6 hxg6 21. Qg3 Rxe2 22. Rxe2 Re8 23. Rxe8+ Qxe8 24. h4 Ne7 25. h5 Nef5 26. Qf4 gxh5 27. Qb4 b6 28. Qb3+ Qf7 29. Qa4 a5 30.
Qc6 Qxa2 31. Bc3 Qc4 32. Qa8+ Kf7 33. Bd2 a4 34. g3 b5 35. Bf4 Qe4 36. Qa7 Qxf3 37.
Qxc7+ Ke6 38. Bxd6 Nxd6 39. Qxg7 Qd1+ 40. Kg2 Qd5+ 41.
Kg1 Qc4 42. Qg8+ Ke5 43. Qh7 a3 44. Qxh5+ Kd4 45. Qf3 a2 46. Qe3+ Kd5 47. Qd2+ Kc5 48. g4 Ne4 49. Qe3+ Kb4 50. Qe1+ Kb3 51. Kg2 Nc3 52. Qa1 Qe4+ 53. Kh2 Qb1 54. g5 Qxa1 55. gxf6 Nd5 56. f7 Qf6 57. f4 Qxf4+ 58. Kg2 Qxf7 59. Kh3 a1=Q 60. Kg2 Qc3 61. Kh2 Qf2+ 62. Kh1 Qc1# 0-1